General information
- name: BNet
- type: Ladder team game (AT/RT)
- host: Battle.net
- saver:
map: Battleground
- players: 8
- length: 23:32
- speed: Fast
- version: 1.26 W3XP
- replay type: Public
» download(195 KB)
Players
team 1 (winner)
P.INURMOONWELLS (
red | 28 APM | 662 actions | 23:32)
7 Mountain King
3 Storm Bolt
3 Bash
1 Avatar
» actions
| Build / train | 59 | |
| Enter build submenu | 14 | |
| Enter hero's abilities submenu | 7 | |
| Give item / drop item | 3 | |
| Right click | 307 | |
| Select / deselect | 209 | |
| Use ability | 63 | |
662 total
» units
| Peasant | 8 | |
| Rifleman | 13 | |
| Mortar Team | 4 | |
25 total
» upgrades
| Armor | 2 | |
| Gunpowder | 2 | |
| Long Rifles | 1 | |
| Fragmentation Shards | 1 | |
6 total
» buildings
| Lumber Mill | 1 | |
| Barracks | 1 | |
| Blacksmith | 1 | |
| Farm | 11 | |
| Altar of Kings | 1 | |
| Arcane Vault | 1 | |
| Keep | 1 | |
| Castle | 1 | |
| Workshop | 3 | |
21 total
» build order
00:24 Lumber Mill
01:00 Barracks
01:04 Blacksmith
01:08 Farm
01:41 Altar of Kings
01:46 Farm
02:25 Farm
02:54 Farm
03:26 Arcane Vault
06:11 Keep
07:01 Farm
07:02 Farm
07:03 Farm
07:03 Farm
09:02 Castle
10:37 Workshop
10:40 Workshop
11:02 Workshop
13:26 Farm
13:27 Farm
13:27 Farm
» items
| Scroll of Regeneration | 5 | |
| Lesser Clarity Potion | 4 | |
| Scroll of Town Portal | 3 | |
| Potion of Healing | 3 | |
| Orb of Fire | 1 | |
| Boots of Speed | 1 | |
| Scroll of Healing | 1 | |
18 total

»
Mike0xbig (
green | 83 APM | 1958 actions | 23:32)
6 Priestess of the Moon
3 Trueshot Aura
2 Scout
1 Starfall
6 Keeper of the Grove
3 Entangling Roots
2 Thorns Aura
1 Tranquility
» actions
| Assign group hotkey | 49 | |
| Basic commands | 48 | |
| Build / train | 77 | |
| ESC pressed | 3 | |
| Enter build submenu | 29 | |
| Enter hero's abilities submenu | 12 | |
| Give item / drop item | 2 | |
| Right click | 636 | |
| Select / deselect | 415 | |
| Select group hotkey | 617 | |
| Use ability | 66 | |
1958 total
» units
| Wisp | 16 | |
| Huntress | 10 | |
| Dryad | 10 | |
| Hippogryph | 4 | |
| Chimaera | 5 | |
| Druid of the Claw | 3 | |
48 total
» upgrades
| Strength of the Moon | 1 | |
| Abolish Magic | 1 | |
| Strength of the Wild | 2 | |
| Reinforced Hides | 2 | |
| Corrosive Breath | 1 | |
7 total
» buildings
| Altar of Elders | 1 | |
| Moon Well | 7 | |
| Hunter's Hall | 1 | |
| Ancient of War | 2 | |
| Tree of Ages | 1 | |
| Ancient of Wonders | 1 | |
| Tree of Eternity | 1 | |
| Ancient of Lore | 2 | |
| Ancient of Wind | 1 | |
| Chimaera Roost | 1 | |
18 total
» build order
00:22 Altar of Elders
00:33 Moon Well
01:14 Hunter's Hall
01:50 Ancient of War
02:04 Ancient of War
02:34 Moon Well
05:12 Moon Well
05:33 Tree of Ages
05:55 Ancient of Wonders
07:54 Tree of Eternity
08:02 Moon Well
09:04 Ancient of Lore
09:10 Ancient of Lore
09:55 Ancient of Wind
10:22 Moon Well
12:08 Moon Well
12:55 Chimaera Roost
13:53 Moon Well
» items
| Scroll of Regeneration | 1 | |
| Scroll of Town Portal | 1 | |
2 total

»
Newt_Gingrich (
teal | 136 APM | 3205 actions | 23:32)
4 Lich
2 Frost Nova
2 Dark Ritual
» actions
| Assign group hotkey | 280 | |
| Basic commands | 343 | |
| Build / train | 71 | |
| ESC pressed | 4 | |
| Enter build submenu | 35 | |
| Enter hero's abilities submenu | 4 | |
| Give item / drop item | 1 | |
| Right click | 1249 | |
| Select / deselect | 501 | |
| Select group hotkey | 593 | |
| Use ability | 124 | |
3205 total
» units
| Acolyte | 12 | |
| Ghoul | 9 | |
| Crypt Fiend | 5 | |
| Meatwagon | 7 | |
33 total
» upgrades
| Burrow | 2 | |
| Web | 1 | |
| Unholy Strength | 2 | |
| Unholy Armor | 1 | |
| Ghoul Frenzy | 1 | |
7 total
» buildings
| Crypt | 1 | |
| Altar of Darkness | 2 | |
| Ziggurat | 24 | |
| Graveyard | 2 | |
| Tomb of Relics | 1 | |
| Necropolis | 1 | |
| Halls of the Dead | 1 | |
| Black Citadel | 1 | |
| Sacrificial Pit | 1 | |
| Spirit Tower | 10 | |
| Nerubian Tower | 1 | |
| Slaughterhouse | 3 | |
48 total
» build order
00:40 Crypt
00:46 Altar of Darkness
00:48 Altar of Darkness
00:54 Ziggurat
01:17 Graveyard
01:29 Tomb of Relics
01:53 Ziggurat
02:54 Ziggurat
03:50 Necropolis
04:31 Halls of the Dead
09:08 Ziggurat
09:09 Ziggurat
09:10 Ziggurat
09:13 Graveyard
09:59 Black Citadel
09:59 Sacrificial Pit
10:13 Nerubian Tower
10:14 Spirit Tower
10:45 Ziggurat
10:56 Slaughterhouse
10:57 Slaughterhouse
12:06 Slaughterhouse
13:27 Ziggurat
13:29 Ziggurat
13:56 Spirit Tower
15:19 Ziggurat
15:19 Ziggurat
15:22 Ziggurat
15:22 Ziggurat
15:24 Ziggurat
15:52 Spirit Tower
16:16 Spirit Tower
16:16 Spirit Tower
17:20 Spirit Tower
17:55 Ziggurat
17:55 Ziggurat
19:13 Spirit Tower
19:16 Ziggurat
19:18 Ziggurat
19:19 Ziggurat
21:43 Spirit Tower
22:36 Ziggurat
22:37 Ziggurat
22:38 Ziggurat
22:39 Ziggurat
22:42 Ziggurat
» items
| Rod of Necromancy | 3 | |
| Boots of Speed | 1 | |
| Scroll of Town Portal | 1 | |
| Potion of Healing | 1 | |
| Orb of Corruption | 1 | |
| Scroll of Healing | 1 | |
8 total

»
GANGSTARR-QC (
orange | 31 APM | 739 actions | 23:32)
6 Crypt Lord
2 Carrion Beetles
3 Spiked Carapace
1 Locust Swarm
» actions
| Basic commands | 12 | |
| Build / train | 68 | |
| Enter build submenu | 22 | |
| Enter hero's abilities submenu | 6 | |
| Remove unit from queue | 3 | |
| Right click | 363 | |
| Select / deselect | 214 | |
| Use ability | 51 | |
739 total
» units
| Acolyte | 9 | |
| Ghoul | 3 | |
| Crypt Fiend | 15 | |
| Frost Wyrm | 10 | |
37 total
» upgrades
| Creature Attack | 2 | |
| Creature Carapace | 2 | |
| Web | 1 | |
| Freezing Breath | 1 | |
6 total
» buildings
| Altar of Darkness | 1 | |
| Crypt | 1 | |
| Ziggurat | 9 | |
| Tomb of Relics | 1 | |
| Graveyard | 1 | |
| Nerubian Tower | 1 | |
| Spirit Tower | 5 | |
| Halls of the Dead | 1 | |
| Black Citadel | 1 | |
| Sacrificial Pit | 1 | |
| Boneyard | 4 | |
26 total
» build order
00:12 Altar of Darkness
00:16 Crypt
00:39 Ziggurat
00:55 Tomb of Relics
01:32 Graveyard
01:42 Ziggurat
02:32 Ziggurat
03:44 Nerubian Tower
03:46 Spirit Tower
06:13 Halls of the Dead
06:25 Ziggurat
09:39 Black Citadel
09:44 Sacrificial Pit
12:56 Boneyard
13:00 Boneyard
13:03 Ziggurat
13:08 Ziggurat
13:12 Ziggurat
13:15 Ziggurat
13:19 Ziggurat
14:23 Boneyard
16:07 Spirit Tower
16:15 Spirit Tower
16:16 Spirit Tower
16:55 Spirit Tower
17:36 Boneyard
» items
| Rod of Necromancy | 1 | |
| Scroll of Healing | 1 | |
2 total
team 2 (loser)
KILLAx (
pink | 101 APM | 2380 actions | 23:32)
4 Blademaster
2 Wind Walk
2 Critical Strike
3 Shadow Hunter
1 Hex
2 Healing Wave
» actions
| Assign group hotkey | 30 | |
| Basic commands | 83 | |
| Build / train | 55 | |
| Enter build submenu | 13 | |
| Enter hero's abilities submenu | 7 | |
| Give item / drop item | 6 | |
| Remove unit from queue | 4 | |
| Right click | 1249 | |
| Select / deselect | 352 | |
| Select group hotkey | 491 | |
| Use ability | 90 | |
2380 total
» units
| Peon | 9 | |
| Raider | 8 | |
| Spirit Walker | 4 | |
| Troll Batrider | 1 | |
22 total
» upgrades
| Armor | 2 | |
| Ensnare | 1 | |
| Melee Weapons | 3 | |
| Spirit Walker Training | 2 | |
8 total
» buildings
| Altar of Storms | 1 | |
| Orc Burrow | 5 | |
| Voodoo Lounge | 1 | |
| Stronghold | 1 | |
| War Mill | 1 | |
| Beastiary | 3 | |
| Spirit Lodge | 1 | |
| Fortress | 1 | |
| Great Hall | 1 | |
15 total
» build order
00:20 Altar of Storms
00:25 Orc Burrow
01:05 Voodoo Lounge
01:35 Orc Burrow
02:42 Stronghold
02:52 War Mill
05:20 Beastiary
05:23 Beastiary
05:27 Spirit Lodge
05:38 Beastiary
06:09 Fortress
06:12 Orc Burrow
06:12 Orc Burrow
08:22 Orc Burrow
21:36 Great Hall
» items
| Healing Salve | 3 | |
| Lesser Clarity Potion | 2 | |
| Scroll of Speed | 1 | |
| Boots of Speed | 1 | |
| Orb of Lightning | 1 | |
| Dust of Appearance | 1 | |
| Scroll of Town Portal | 1 | |
10 total

»
arkano314 (
yellow | 38 APM | 877 actions | 23:11)
4 Death Knight
2 Death Coil
2 Unholy Aura
» actions
| Build / train | 66 | |
| Enter build submenu | 21 | |
| Enter hero's abilities submenu | 4 | |
| Give item / drop item | 1 | |
| Right click | 523 | |
| Select / deselect | 219 | |
| Use ability | 43 | |
877 total
» units
| Acolyte | 3 | |
| Ghoul | 12 | |
| Abomination | 11 | |
| Banshee | 4 | |
| Obsidian Statue | 2 | |
| Gargoyle | 6 | |
38 total
» upgrades
| Unholy Strength | 3 | |
| Cannibalize | 1 | |
| Unholy Armor | 2 | |
| Banshee Training | 2 | |
| Disease Cloud | 1 | |
| Destroyer Form | 1 | |
| Creature Carapace | 1 | |
| Creature Attack | 1 | |
12 total
» buildings
| Altar of Darkness | 1 | |
| Ziggurat | 7 | |
| Crypt | 2 | |
| Graveyard | 1 | |
| Tomb of Relics | 1 | |
| Halls of the Dead | 1 | |
| Spirit Tower | 2 | |
| Nerubian Tower | 1 | |
| Black Citadel | 1 | |
| Slaughterhouse | 2 | |
| Sacrificial Pit | 1 | |
| Temple of the Damned | 1 | |
21 total
» build order
00:18 Altar of Darkness
00:23 Ziggurat
00:46 Crypt
01:04 Ziggurat
01:36 Graveyard
01:46 Crypt
02:44 Tomb of Relics
03:53 Ziggurat
04:26 Halls of the Dead
04:29 Ziggurat
04:32 Spirit Tower
06:05 Nerubian Tower
07:22 Black Citadel
08:04 Slaughterhouse
09:56 Sacrificial Pit
10:57 Temple of the Damned
11:15 Slaughterhouse
11:19 Ziggurat
14:20 Ziggurat
22:15 Spirit Tower
22:21 Ziggurat
» items
| Boots of Speed | 1 | |
| Potion of Healing | 1 | |
| Rod of Necromancy | 2 | |
| Scroll of Town Portal | 2 | |
6 total
Day[9] (
purple | 54 APM | 1262 actions | 23:32)
2 Goblin Alchemist
1 Acid Bomb
1 Chemical Rage
3 Dark Ranger
2 Silence
1 Black Arrow
2 Naga Sea Witch
1 Frost Arrows
1 Forked Lightning
» actions
| Assign group hotkey | 22 | |
| Basic commands | 71 | |
| Build / train | 48 | |
| ESC pressed | 1 | |
| Enter build submenu | 17 | |
| Enter hero's abilities submenu | 7 | |
| Give item / drop item | 3 | |
| Right click | 425 | |
| Select / deselect | 295 | |
| Select group hotkey | 261 | |
| Use ability | 112 | |
1262 total
» units
» upgrades
» buildings
| Crypt | 1 | |
| Altar of Darkness | 2 | |
| Ziggurat | 4 | |
| Tomb of Relics | 2 | |
| Halls of the Dead | 1 | |
| Nerubian Tower | 2 | |
| Graveyard | 1 | |
| Black Citadel | 1 | |
| Temple of the Damned | 2 | |
| Spirit Tower | 2 | |
18 total
» build order
00:26 Crypt
00:27 Altar of Darkness
00:34 Ziggurat
00:36 Altar of Darkness
01:00 Tomb of Relics
01:02 Tomb of Relics
01:26 Ziggurat
02:28 Ziggurat
03:36 Halls of the Dead
04:01 Nerubian Tower
04:14 Graveyard
06:51 Black Citadel
06:55 Temple of the Damned
06:57 Temple of the Damned
07:58 Spirit Tower
08:01 Ziggurat
09:12 Spirit Tower
09:15 Nerubian Tower
» items
| Rod of Necromancy | 1 | |
| Potion of Healing | 6 | |
| Scroll of Healing | 1 | |
| Scroll of Town Portal | 1 | |
9 total
Imafiretruck (
blue | 56 APM | 1126 actions | 20:01)
3 Demon Hunter
2 Mana Burn
1 Evasion
» actions
| Assign group hotkey | 9 | |
| Basic commands | 118 | |
| Build / train | 47 | |
| ESC pressed | 2 | |
| Enter build submenu | 16 | |
| Enter hero's abilities submenu | 3 | |
| Give item / drop item | 2 | |
| Right click | 447 | |
| Select / deselect | 316 | |
| Select group hotkey | 66 | |
| Use ability | 100 | |
1126 total
» units
| Wisp | 14 | |
| Archer | 2 | |
| Mountain Giant | 7 | |
| Dryad | 2 | |
25 total
» upgrades
| Reinforced Hides | 3 | |
| Hardened Skin | 1 | |
| Resistant Skin | 1 | |
5 total
» buildings
| Altar of Elders | 1 | |
| Moon Well | 7 | |
| Ancient of War | 1 | |
| Tree of Ages | 1 | |
| Ancient of Wonders | 1 | |
| Hunter's Hall | 1 | |
| Ancient of Lore | 3 | |
| Tree of Eternity | 1 | |
16 total
» build order
00:06 Altar of Elders
00:25 Moon Well
00:41 Ancient of War
01:42 Moon Well
02:38 Tree of Ages
04:57 Ancient of Wonders
05:15 Hunter's Hall
05:39 Moon Well
06:20 Ancient of Lore
06:25 Ancient of Lore
06:27 Moon Well
06:29 Tree of Eternity
06:41 Ancient of Lore
07:23 Moon Well
08:45 Moon Well
08:49 Moon Well
» items
| Scroll of Protection | 2 | |
| Scroll of Healing | 4 | |
| Staff of Preservation | 1 | |
| Scroll of Town Portal | 2 | |
9 total
Chat log
(00:08 / All) Day[9]: Hey guys It's funday monday!
(00:12 / All) Imafiretruck: MORE LIKE MUTE GANGBITCH
(00:14 / All) Day[9]: Today's challenge: Play Warcraft III!
(00:18 / All) Newt_Gingrich: I'm a Republican Presidential Nominee.
(00:22 / All) Newt_Gingrich: You WILL respect me!
(00:27 / All) Mike0xbig: i have a boner
(00:32 / All) Newt_Gingrich: I doubt it.
(00:36 / All) Newt_Gingrich: Not with my wife you won't.
(00:36 / All) Mike0xbig: wanna see?
(00:42 / All) Newt_Gingrich: No, I do not.
(00:50 / All) Mike0xbig: its too big 4 u to handle
(01:04 / All) Newt_Gingrich: I have handled far bigger issues than you have.
(01:07 / All) Newt_Gingrich: Like getting Clinton impeached.
(01:11 / All) Newt_Gingrich: Silence, kid.
(01:19 / All) Mike0xbig: i like men
(01:20 / All) Newt_Gingrich: kiddo*
(01:33 / All) Newt_Gingrich: You know what I don't like?
(01:34 / All) Imafiretruck: I FIND YOUR FISCAL POLICIES IRRESPONSIBLE
(01:36 / All) Newt_Gingrich: Bad Warcraft III players.
(01:46 / All) Newt_Gingrich: I find your wife sexy.
(01:54 / All) Day[9]: Newt if I vote for you will you ban all bad war3 playesr?
(02:01 / All) Imafiretruck: SHE ONLY MARRIED ME FOR MY MONEY WHICH IS WHY I VOTE FOR MITT ROMNEY
(02:05 / All) Newt_Gingrich: Yes, I plan to ban video games in general.
(02:09 / All) Day[9]: Good
(02:09 / All) Newt_Gingrich: Those kids should be working as janitors.
(02:13 / All) Day[9]: Because video games are for nerds.
(02:18 / All) Day[9]: And nerds are dumb
(02:19 / All) Newt_Gingrich: Agreed.
(02:20 / Allies) arkano314: rush o cc
(02:24 / Allies) KILLAx: cc
(02:39 / All) Newt_Gingrich: I like how no one else has spoken other than green.
(02:54 / All) Mike0xbig: and he talks about gay stuff
(03:10 / All) Newt_Gingrich: Reported.
(03:10 / All) Day[9]: Guys i'm going to make only tier one units for the next thirty minutes
(03:17 / All) Day[9]: IF we lose it's ALL YOUR FAULT
(03:19 / All) Mike0xbig: peons?
(03:21 / All) Newt_Gingrich: lol
(03:30 / All) Newt_Gingrich: Yellow, I hope that was worth it.
(03:52 / All) Day[9]: why
(03:54 / All) Day[9]: what did yellow do
(04:01 / All) Newt_Gingrich: Chased my Ghoul up into your yellow creep camp.
(04:04 / All) Newt_Gingrich: And got no XP for it.
(04:07 / All) Day[9]: ah
(04:08 / All) Mike0xbig: lol
(04:22 / All) Day[9]: Yeah it was worht it u lost ur gouohl noobfag
(04:42 / All) Newt_Gingrich: Reported.
(04:56 / All) Day[9]: lol
(05:04 / All) Day[9]: Like blisserd gonna ban me for seawring
(05:07 / All) Day[9]: They aren't ea
(05:08 / All) Day[9]: lol noob
(05:13 / All) Newt_Gingrich: rofl ea sucks
(05:15 / All) Newt_Gingrich: activision rule
(05:19 / All) Day[9]: ya
(05:27 / All) Imafiretruck: WTF SCOUTING ISN'T LEGAL I'M TELLING CONGRESS
(05:40 / All) Newt_Gingrich: Circumventing the Fog of War is a violation of SOPA.
(06:02 / All) Day[9]: lol tell that to northrend
(06:20 / All) Newt_Gingrich: your mom is northrend
(06:26 / All) Mike0xbig: canadian?
(06:27 / All) Day[9]: was i just laggin
(06:36 / All) Newt_Gingrich: yeah she's fatter then canada tho
(07:01 / All) Newt_Gingrich: green loses his hero
(07:03 / All) Newt_Gingrich: err
(07:04 / All) Newt_Gingrich: orange
(07:07 / All) Newt_Gingrich: and green yells at him
(07:23 / All) Day[9]: was it to creeps?
(07:24 / All) Day[9]: Or what
(07:29 / All) Newt_Gingrich: to pink's BM
(07:30 / All) Mike0xbig: pink
(07:31 / All) Day[9]: ah
(07:40 / Allies) Imafiretruck: hes comin
(08:41 / All) Day[9]: do you still take acid damage while invuln?
(08:47 / All) Newt_Gingrich: neg
(08:49 / All) Day[9]: ah
(08:53 / All) Day[9]: Was wondering becasue you still have the buff
(09:02 / All) Newt_Gingrich: yeah
(09:32 / Allies) arkano314: together
(10:06 / Allies) Day[9]: gold pelase
(10:07 / All) Newt_Gingrich: honestly
(10:09 / All) Newt_Gingrich: what the fuck are you doing
(10:56 / Allies) KILLAx: r
(10:57 / Allies) KILLAx: b
(11:32 / Allies) Imafiretruck: meet up?
(11:37 / Allies) Day[9]: sure
(11:48 / Allies) arkano314: look
(12:00 / Allies) Day[9]: i see
(12:16 / Allies) arkano314: who make aa
(13:09 / All) Newt_Gingrich: yeah, run bio
(13:09 / All) Newt_Gingrich: lol
(13:22 / All) Newt_Gingrich: you need shit behind those
(13:30 / All) Day[9]: :|
(13:32 / All) Imafiretruck: LIKE FUCK I DO
(13:36 / All) Newt_Gingrich: lol
(13:40 / Allies) arkano314: woo dplz
(13:46 / All) Newt_Gingrich: too bad this isn't street fighter 3rd strike
(13:49 / All) Newt_Gingrich: And you can parry all the coil novas
(14:06 / All) Newt_Gingrich: btw pies
(14:09 / All) Newt_Gingrich: im a colossal fuckface
(14:10 / All) Day[9]: Yeah i only bothered putting ams on hereos
(14:11 / Allies) arkano314: who make aa
(14:11 / All) Newt_Gingrich: as you'll find out in a few
(14:21 / All) Day[9]: It was never in doub t<3
(14:44 / Allies) Imafiretruck: ps
(14:47 / Allies) Imafiretruck: frost wyrms are comin
(14:50 / Allies) Imafiretruck: gather up
(15:18 / Allies) Day[9]: might as well not use trees vs fiend and rifle
(15:31 / Allies) arkano314: back
(15:33 / All) Newt_Gingrich: YELLOW
(15:34 / All) Newt_Gingrich: STOP IT
(15:35 / All) Newt_Gingrich: JESUS
(15:37 / All) Newt_Gingrich: ITS NOT HELPING
(15:52 / Allies) KILLAx: lol
(15:59 / All) Day[9]: Oh '
(16:01 / All) Day[9]: lol
(16:55 / All) Day[9]: damn teal and oj
(17:01 / All) Day[9]: only noob go mech vs casetr
(17:06 / All) Newt_Gingrich: lol
(17:12 / All) Newt_Gingrich: i like calling it mech
(17:28 / All) Day[9]: IT MAKSE IT SOUND LIK WE'RE TALKING AOBUT AN OBIVOUSLY BEYTER GAME
(17:38 / All) Newt_Gingrich: <3
(18:29 / Allies) arkano314: back
(18:38 / Allies) KILLAx: yellow
(18:39 / Allies) KILLAx: help
(18:45 / All) Day[9]: lol
(18:50 / All) Day[9]: pink: Yellow help
(18:54 / All) Newt_Gingrich: lol
(18:57 / All) Day[9]: I don't think he undesrtands
(19:00 / All) Day[9]: How much that is asking
(19:02 / All) Newt_Gingrich: BUT CANT YOU SEE HE'S WINNINGH THE GAME
(19:05 / All) Newt_Gingrich: BY HALLSMASHING
(19:06 / All) Newt_Gingrich: WITH MELEE UNITS
(19:15 / All) Day[9]: Yeah this is bad
(19:27 / All) Newt_Gingrich: yeah im out after this btw
(19:29 / All) Day[9]: yellow i coulda negated that chim damage for you
(19:30 / All) Newt_Gingrich: lol
(19:31 / All) Day[9]: If you had came earlier
(19:36 / All) Day[9]: whatever
(19:45 / All) Day[9]: ok
(19:50 / All) Day[9]: "Gg
(19:53 / All) Imafiretruck: yellow was busy mining wood with his acolytes
(19:53 / All) Mike0xbig: gg
(19:54 / All) Newt_Gingrich: "g"
(19:55 / Allies) arkano314: where aa
(20:01 / All) Day[9]: Yellow: where aa
(20:04 / All) Newt_Gingrich: LOL
(20:05 / Allies) arkano314: jaja
(20:07 / Allies) arkano314: im make
(20:09 / Allies) arkano314: mele
(20:11 / All) Mike0xbig: Bitch
(20:26 / Allies) arkano314: great
(20:28 / All) Newt_Gingrich: bihtc*
(20:30 / All) Newt_Gingrich: Fixed that for you.
(20:36 / All) Mike0xbig: lol?
(20:47 / All) P.INURMOONWELLS: yelo was cute
(21:15 / Allies) KILLAx: gold me
(21:20 / All) Day[9]: I'm going to put my remaining foces to yellows base
(21:27 / All) Newt_Gingrich: that's a copout
(21:27 / All) Newt_Gingrich: lol
(21:34 / All) Newt_Gingrich: DONT BE A COWARD
(21:41 / All) Day[9]: gave him all my money too
(21:46 / All) Newt_Gingrich: btw pink
(21:49 / All) Newt_Gingrich: if you attack my expo
(21:49 / All) Day[9]: |And killed all my buildings
(21:51 / All) Newt_Gingrich: you have a chance
(21:53 / All) Day[9]: Lol
(22:00 / All) KILLAx: thx
(22:02 / All) Day[9]: What's he gonna attack it with
(22:04 / All) Day[9]: A peon?
(22:11 / All) Newt_Gingrich: BM vs. 16 towers
(22:13 / All) Newt_Gingrich: is kinda even
(22:19 / All) Day[9]: not if it's level 3
(22:22 / All) Day[9]: or 4
(22:30 / All) Newt_Gingrich: yeah you're right
(22:32 / All) Newt_Gingrich: need more towers
(22:55 / All) Day[9]: GOGO ATTACK
(22:57 / All) Day[9]: ACOLYTES GO
(23:02 / All) Day[9]: IT WORKED ON DEADLOCK WHY NOT HERE
(23:15 / All) Day[9]: oh well
(23:21 / All) Day[9]: he fought valiantly he did
(23:22 / All) Newt_Gingrich: t.t
(23:23 / All) Newt_Gingrich: lol
(23:26 / All) Newt_Gingrich: <3
(23:28 / All) Day[9]: k
(23:28 / All) Newt_Gingrich: ggs, im out
(23:29 / All) Day[9]: seeya